 Dungeon Crawl Stone Soup version 0.20.0-7-g3b7b877 (webtiles) character file.

252 Firecrotchwizard the Shooter (level 5, -7/45 HPs)
             Began as a Centaur Hunter on May 30, 2017.
             Mangled by an iguana (10 damage)
             ... on level 4 of the Dungeon.
             The game lasted 00:08:13 (3699 turns).

Firecrotchwizard the Shooter (Centaur Hunter)       Turns: 3699, Time: 00:08:13

Health: -7/45      AC:  6    Str: 15    XL:     5   Next: 89%
Magic:  5/5        EV: 10    Int: 11    God:
Gold:   104        SH:  0    Dex:  9    Spells: 4/4 levels left

rFire    . . .     SeeInvis .   a - +1 shortbow
rCold    . . .     Gourm    .   (shield currently unavailable)
rNeg     . . .     Faith    .   c - +0 leather armour
rPois    .         Spirit   .   (no helmet)
rElec    .         Reflect  .   u - +0 cloak
rCorr    .         Harm     .   e - +0 pair of gloves
MR       .....                  (no barding)
Stlth    +.........             (no amulet)
Regen    0.2/turn               (no ring)
MPRegen  0.1/turn               (no ring)

@: very quick
A: hooves 3, deformed body, speed 2, tough skin 3
a: no special abilities


You were on level 4 of the Dungeon.
You were not hungry.

You visited 1 branch of the dungeon, and saw 4 of its levels.

You collected 104 gold pieces.

Inventory:

Hand Weapons
 a - a +1 shortbow (weapon)
 b - a +0 short sword
Missiles
 d - 70 arrows (quivered)
 w - 8 curare-tipped needles
Armour
 c - a +0 leather armour (worn)
 e - a +0 pair of gloves (worn)
   (You found it on level 1 of the Dungeon)
 l - a +0 buckler
   (You found it on level 1 of the Dungeon)
 o - a +0 ring mail
   (You found it on level 1 of the Dungeon)
 u - a +0 cloak (worn)
   (You found it on level 3 of the Dungeon)
Wands
 s - a wand of disintegration (18/24)
   (You found it on level 2 of the Dungeon)
Scrolls
 h - 2 scrolls of teleportation {unknown}
 i - 3 scrolls of remove curse
 m - 5 scrolls of identify
 v - a scroll of amnesia {unknown}
Potions
 g - a potion of brilliance {unknown}
 k - 3 potions of curing
 r - a potion of haste {unknown}
 t - a potion of berserk rage {unknown}
Comestibles
 f - 3 bread rations {@e1}
 j - 4 meat rations {@e2}
 n - 3 chunks of flesh {@w0}
 p - a royal jelly
 x - 5 fruits


   Skills:
 + Level 3.6 Fighting
 * Level 7.6 Bows
 + Level 2.4 Dodging
 - Level 0.6 Stealth


You had 4 spell levels left.
You didn't know any spells.

Dungeon Overview and Level Annotations

Branches:
Dungeon (4/15)
 Temple: D:4-7

Altars:
The Shining One

Shops:
D:4 (

Annotations:
D:2 1 runed door, Jessica, Sigmund


Innate Abilities, Weirdness & Mutations

You have hooves in place of feet.
Armour fits poorly on your strangely shaped body.
You cover ground very quickly.
You have extremely tough skin. (AC +3)


Message History

The frilled lizard hisses angrily.
The iguana hisses angrily.
The frilled lizard misses you. The scorpion stings you.
There is a stone staircase leading up here.
You take 6 damage, and have 38/45 hp.
The scorpion closely misses you.
The frilled lizard bites you but does no damage.
You climb upwards.
There is a stone staircase leading down here.
Aim: a frilled lizard You shoot an arrow.
The arrow hits the scorpion.
Aim: a scorpion (moderately wounded)
You shoot an arrow. The arrow hits the scorpion.
The scorpion completely misses you.
The frilled lizard bites you but does no damage.
Aim: a scorpion (heavily wounded)
You shoot an arrow. The arrow hits the scorpion!
You kill the scorpion!
The frilled lizard closely misses you.
b - a +0 short sword (weapon)
The frilled lizard barely misses you.
You closely miss the frilled lizard. Your kick misses the frilled lizard.
The frilled lizard barely misses you.
You hit the frilled lizard but do no damage.
The frilled lizard bites you but does no damage.
You closely miss the frilled lizard. The frilled lizard barely misses you.
You barely miss the frilled lizard.
You kick the frilled lizard, but do no damage.
The frilled lizard barely misses you.
You hit the frilled lizard but do no damage.
The frilled lizard bites you.
You take 1 damage, and have 39/45 hp.
You hit the frilled lizard. You kick the frilled lizard.
You kill the frilled lizard!
No target in view!
You start resting.
Some of the chunks of flesh in your inventory have rotted away.
Health restored: 45
d - 80 arrows (gained 2)
You see here a scorpion corpse.
Done exploring.
(D) Dungeon
Where to? (Enter - D:3 @ (x,y), ? - help)
There is a stone staircase leading down here.
You climb downwards.
The iguana bites you! x2
There is a stone staircase leading up here.
You take 21 damage, and have 24/45 hp.
MASSIVE DAMAGE!!
You hit the iguana but do no damage. The iguana bites you.
You take 1 damage, and have 23/45 hp.
You barely miss the iguana. The iguana bites you!
You take 8 damage, and have 15/45 hp.
There is a stone staircase leading up, spattered with blood here.
a - a +1 shortbow (weapon)
The iguana bites you but does no damage.
You are too injured to fight recklessly!
You are too injured to fight recklessly!
Aim: an iguana You shoot an arrow.
The arrow hits the iguana but does no damage.
The iguana bites you.
* * * LOW HITPOINT WARNING * * *
You take 3 damage, and have 12/45 hp.
You feel much better. The iguana bites you!
You regained 17 hp, and now have 29/45 hp.
Aim: an iguana You shoot an arrow.
The arrow hits the iguana.
Aim: an iguana (lightly wounded)
You shoot an arrow. The arrow hits the iguana.
The iguana bites you!
You take 8 damage, and have 21/45 hp.
You are too injured to fight recklessly!
You are too injured to fight recklessly!
Aim: an iguana (lightly wounded)
You shoot an arrow.
The arrow hits the iguana but does no damage.
The iguana bites you.
You take 4 damage, and have 17/45 hp.
Aim: an iguana (lightly wounded)
You shoot an arrow.
The arrow hits the iguana but does no damage.
The iguana barely misses you.
Aim: an iguana (lightly wounded)
You shoot an arrow. The arrow hits the iguana.
The iguana bites you but does no damage.
Aim: an iguana (heavily wounded)
You shoot an arrow. The arrow hits the iguana.
The iguana bites you!
* * * LOW HITPOINT WARNING * * *
You take 7 damage, and have 11/45 hp.
Aim: an iguana (severely wounded)
You shoot an arrow.
The arrow hits the iguana but does no damage.
The iguana bites you.
* * * LOW HITPOINT WARNING * * *
You take 2 damage, and have 9/45 hp.
Aim: an iguana (severely wounded)
You shoot an arrow. The arrow hits the iguana.
The iguana bites you.
* * * LOW HITPOINT WARNING * * *
You take 6 damage, and have 3/45 hp.
Aim: an iguana (almost dead)
You shoot an arrow. The arrow closely misses the iguana.
The iguana bites you!
You die...

.. #.
#.######
#......##
####.......#
.......⌠...#
...........##
.......@....#
......l.....#
.....⌠...⌠..#
.........#.##
......###..#
+..... ..#
.....# ..
(#### ###


You could see an iguana.

Vanquished Creatures
  A scorpion (D:3)
  Terence (D:2)
  4 gnolls (D:3)
  4 adders
  2 oozes
  3 worms
  6 dart slugs
  3 leopard geckos
  3 orcs (D:3)
  3 giant cockroaches
  4 goblins
  4 hobgoblins
  12 jackals
  6 bats
  5 frilled lizards
  7 kobolds
  9 rats
77 creatures vanquished.

Notes
Turn   | Place    | Note
-------+----------+-------------------------------------------
     0 | D:1      | Firecrotchwizard the Centaur Hunter began the quest for the Orb.
     0 | D:1      | Reached XP level 1. HP: 17/17 MP: 1/1
    20 | D:1      | HP: 4/17 [leopard gecko (2)]
   425 | D:1      | Reached XP level 2. HP: 24/24 MP: 2/2
   761 | D:1      | HP: 5/25 [ooze (3)]
   935 | D:1      | Reached XP level 3. HP: 23/30 MP: 3/3
  1114 | D:1      | Reached skill level 6 in Bows
  1536 | D:2      | Found a glowing golden altar of the Shining One.
  2271 | D:2      | Found a runed door.
  2309 | D:2      | Noticed Terence
  2352 | D:2      | Killed Terence
  2352 | D:2      | Reached skill level 2 in Dodging
  2352 | D:2      | Reached XP level 4. HP: 35/37 MP: 4/4
  2478 | D:2      | Reached skill level 3 in Fighting
  2594 | D:2      | Noticed Jessica
  2595 | D:2      | Noticed Sigmund
  2730 | D:3      | Found a faded altar of an unknown god.
  2849 | D:3      | Reached skill level 7 in Bows
  2849 | D:3      | Reached XP level 5. HP: 45/45 MP: 5/5
  3565 | D:4      | Found Egrua's Antique Weapon Boutique.
  3568 | D:4      | Noticed an orc warrior
  3569 | D:4      | Noticed an ogre
  3696 | D:4      | HP: 11/45 [iguana (7)]
  3698 | D:4      | HP: 3/45 [iguana (6)]
  3699 | D:4      | Mangled by an iguana

Skill      XL: |  1  2  3  4 |
---------------+-------------+-----
Bows           | 6 7 |  7.6
Dodging        | 2 |  2.4
Fighting       | 3 |  3.6
Stealth        | |  0.6

Action                   |  1- 3 |  4- 6 || total
-------------------------+-------+-------++-------
Melee: Short sword       |   199 |    71 ||   270
       Kick              |    29 |     8 ||    37
 Fire: Shortbow          |    32 |    74 ||   106
  Use: Scroll            |       |     2 ||     2
       Potion            |       |     1 ||     1
  Eat: Chunk             |     4 |     3 ||     7
Armor: Leather armour    |    82 |    41 ||   123
       Ring mail         |     6 |       ||     6
Dodge: Dodged            |   102 |    49 ||   151

Vault maps used:
D:1:      minmay_arrival_four_circles, minivault_24
D:2:      lemuel_crystal_altar, first_bread, uniq_terence, uniq_jessica,
          uniq_crazy_yiuf_cottage, uniq_sigmund
D:3:      chequers_ecumenical_altar_island
D:4:      nicolae_overflow_hidden_temple, minmay_temple_entry_statues_pillars,
          serial_shops, shop, grunt_ministairs_1, hex_tiny, uniq_menkaure

Table legend:
 A = Turns spent in this place as a percentage of turns spent in the entire game.
 B = Non-inter-level travel turns spent in this place as a percentage of non-inter-level travel turns spent in the entire game.
 C = Inter-level travel turns spent in this place as a percentage of turns spent in this place.
 D = Turns resting spent in this place as a percentage of non-inter-level travel turns spent in this place.
 E = Turns spent auto-exploring this place as a percentage of non-inter-level travel turns spent in this place.
 F = Non-inter-level travel turns spent in this place divided by the number of levels of this place that you've seen.
                   A       B       C       D       E      F
               +-------+-------+-------+-------+-------+----------------------
         Total | 100.0 | 100.0 |   1.0 |   4.1 |  10.0 | 224.0
       Dungeon | 100.0 | 100.0 |   1.0 |   4.1 |  10.0 | 224.0
               +-------+-------+-------+-------+-------+----------------------

Table legend:
 A = Kills in this place as a percentage of kills in entire the game.
 B = Kills by you in this place as a percentage of kills by you in the entire game.
 C = Kills by friends in this place as a percentage of kills by friends in the entire game.
 D = Other kills in this place as a percentage of other kills in the entire game.
 E = Experience gained in this place as a percentage of experience gained in the entire game.
 F = Experience gained in this place divided by the number of levels of this place that you have seen.
                   A       B       C       D       E      F
               +-------+-------+-------+-------+-------+----------------------
         Total | 100.0 | 100.0 |  -nan |  -nan | 100.0 |  90.2
       Dungeon | 100.0 | 100.0 |  -nan |  -nan | 100.0 |  90.2
               +-------+-------+-------+-------+-------+----------------------
